 Dungeon Crawl Stone Soup version 0.29.1-15-g9cfb28693d (webtiles) character file.

Game seed: 8138556284551291728

88 DemonSlayer the Digger (level 4, 0/30 HPs)
             Began as a Demonspawn Earth Elementalist on May 8, 2023.
             Slain by an orc
             ... wielding a +0 mace
              (5 damage)
             ... on level 3 of the Dungeon.
             The game lasted 00:04:07 (2278 turns).

DemonSlayer the Digger (DsEE)                       Turns: 2278, Time: 00:04:08

Health: 0/30       AC:  3    Str:  9    XL:     4   Next: 29%
Magic:  3/8        EV: 12    Int: 16    God:
Gold:   134        SH:  0    Dex: 15    Spells: 2/8 levels left

rFire   . . .      SeeInvis .   c - +0 dagger
rCold   . . .      Faith    .   (no shield)
rNeg    . . .      Spirit   .   a - +1 robe
rPois   .          Reflect  .   (helmet restricted)
rElec   .          Harm     .   (no cloak)
rCorr   .          Rampage  .   (no gloves)
Will    .....                   (no boots)
Stlth   ++........              (no amulet)
HPRegen 0.10/turn               (no ring)
MPRegen 0.22/turn               (no ring)

@: no status effects
A: antennae 1, ignite blood 1, magic regeneration
a: no special abilities


You were on level 3 of the Dungeon.
You visited 1 branch of the dungeon, and saw 3 of its levels.

You collected 134 gold pieces.

Inventory:

Hand Weapons
 c - a +0 dagger (weapon)
Armour
 a - a +1 robe (worn)
Scrolls
 e - 2 scrolls of teleportation
 f - a scroll of identify
Potions
 b - a potion of haste
 d - a potion of lignification {unknown}
 g - a potion of cancellation {unknown}
 h - a potion of berserk rage {unknown}
 j - a potion of degeneration {unknown}
 k - a potion of curing {unknown}


   Skills:
 + Level 0.2 Fighting
 + Level 0.5 Short Blades
 + Level 2.1 Dodging
 + Level 2.3 Stealth
 + Level 2.9 Spellcasting
 + Level 0.8 Transmutations
 + Level 3.4 Earth Magic


You had 2 spell levels left.
You knew the following spells:

 Your Spells              Type           Power      Damage    Failure   Level
a - Sandblast             Erth           26%        2d8       4%          1
b - Passwall              Tmut/Erth      7%         N/A       12%         2
c - Stone Arrow           Conj/Erth      14%        3d7       28%         3

Your spell library contained the following spells:

 Spells                   Type           Power      Damage    Failure   Level
 Ozocubu's Armour         Ice            2%         N/A       50%         3
 Petrify                  Tmut/Erth      9%         N/A       61%         4
 Ozocubu's Refrigeration  Ice            1%         4d7       100%        7


Dungeon Overview and Level Annotations

Branches:
Dungeon (3/15)

Altars:

Shops:
D:1 (


Innate Abilities, Weirdness & Mutations

You have a pair of small antennae on your head.
Your demonic aura sometimes causes spilled blood to erupt in flames.
You regenerate magic rapidly.


Message History

An orc comes into view. It is wielding a +0 mace.
There are monsters nearby!
There are monsters nearby!
There are monsters nearby!
An orc comes into view. It is wielding a +0 hand axe.
The blast of sand hits the orc.
The orc is heavily wounded.
The orc shouts!
An orc comes into view. It is wielding a +0 club.
The blast of sand hits the orc!
You kill the orc!
The orc shouts!
The blast of sand hits the orc.
The orc is heavily wounded.
The blast of sand hits the orc but does no damage.
The orc is heavily wounded.
The orc hits you with a +0 hand axe.
The blast of sand hits the orc but does no damage.
The orc is heavily wounded.
The orc barely misses you. The orc misses you.
The blast of sand hits the orc.
The orc is severely wounded.
The orc misses you. The orc barely misses you. The orc hits you with a +0 club.
The orc hits you but does no damage. The orc hits you with a +0 hand axe.
The orc closely misses you.
The blast of sand misses the orc.
The orc closely misses you. The orc hits you with a +0 club.
The orc hits you with a +0 hand axe.
The blast of sand misses the orc.
The orc closely misses you. The orc hits you with a +0 mace.
The orc hits you with a +0 club.
* * * LOW HITPOINT WARNING * * *
The orc barely misses you. The orc hits you with a +0 hand axe.
* * * LOW HITPOINT WARNING * * *
The orc misses you.
You are too injured to fight recklessly!
You are too injured to fight recklessly!
You are too injured to fight recklessly!
The orc hits you but does no damage.
As you read the scroll of fog, it crumbles to dust.
The scroll dissolves into smoke.
The orc hits you with a +0 mace.
You die...

#####.###### #...
.~~.P~~~PP.# #..#
~.~~~P♣~~P.# #..#
~≈♣≈♣~~~.P.# #..# ♣
♣~~.~~P..# #).#
♣~~~P##.#.## #..#
♣~~~# #...# #o§#
~P.. ###.# #§o#
♣~P.. #.# #@o#
♣~~~~####.# #§§#
~♣~~~~~P..# #§§#
~♣~~~P~P#######..#
P~~P~♣~~P~........#
..~.~P~~~P........#
#....~.P~.#########
######~PP~# ######


You could see 3 orcs.

Vanquished Creatures
  4 adders
  A dart slug (D:1)
  An orc (D:3)
  2 ball pythons
  6 endoplasms
  4 giant cockroaches
  3 goblins
  4 hobgoblins
  4 jackals (D:2)
  5 kobolds
  A quokka (D:3)
  5 bats
  2 frilled lizards
  5 rats
47 creatures vanquished.

Vanquished Creatures (others)
  36 plants
36 creatures vanquished.

Grand Total: 83 creatures vanquished

Notes
Turn   | Place    | Note
-------+----------+-------------------------------------------
     0 | D:1      | DemonSlayer the Demonspawn Earth Elementalist began the
                  | quest for the Orb.
     0 | D:1      | Reached XP level 1. HP: 13/13 MP: 3/3
   161 | D:1      | Reached skill level 3 in Earth Magic
   240 | D:1      | Discovered your monstrous ancestry.
   240 | D:1      | Gained mutation: You have a pair of small antennae on your
                  | head. [demonic ancestry]
   240 | D:1      | Reached XP level 2. HP: 18/19 MP: 3/5
   698 | D:1      | Found Qoxtyi's Weapon Boutique.
  1087 | D:2      | Gained mutation: Your demonic aura sometimes causes spilled
                  | blood to erupt in flames. [demonic ancestry]
  1087 | D:2      | Reached XP level 3. HP: 24/24 MP: 4/6
  1903 | D:2      | Learned a level 2 spell: Passwall
  1907 | D:2      | Learned a level 3 spell: Stone Arrow
  2109 | D:3      | Gained mutation: You regenerate magic rapidly. [demonic
                  | ancestry]
  2109 | D:3      | Reached XP level 4. HP: 30/30 MP: 5/8
  2278 | D:3      | Slain by an orc

Illustrated notes

Levels and vault maps discovered:
D:1:      minmay_arrival_loop, layout_basic, serial_shops, shop
D:2:      layout_rooms, serial_forest, infiniplex_forest_end_2,
          infiniplex_forest_clump_small, infiniplex_forest_straight_2,
          infiniplex_forest_diagonal
D:3:      layout_loops_ring, shapermc_ecumenical_altar_mp_highgroup,
          serial_bayou_lagoon_a, grunt_ministairs_15

Skill      XL: |  1  2  3 |
---------------+----------+-----
Earth Magic    | 3 |  3.4
Dodging        | 2 |  2.1
Stealth        | 2 |  2.3
Fighting       | |  0.2
Short Blades   | |  0.5
Spellcasting   | |  2.9
Transmutations | |  0.8

Action                   |  1- 3 |  4- 6 || total
-------------------------+-------+-------++-------
Melee: Dagger            |    40 |     1 ||    41
 Cast: Sandblast         |    40 |    17 ||    57
  Use: Potion            |     1 |       ||     1
       Scroll            |     6 |     1 ||     7
 Stab: Sleeping          |     6 |       ||     6
Armor: Robe              |    16 |     3 ||    19
Dodge: Dodged            |    67 |    12 ||    79
